 Dungeon Crawl Stone Soup version 0.31-a0-704-g1016066182 (webtiles) character file.

Game seed: 15849600363029102986

207 Descartes the Magician (level 5, -1/29 HPs)
             Began as a Deep Elf Wanderer on Sept 9, 2023.
             Slain by a kobold brigand
             ... wielding a +0 short sword
              (4 damage)
             ... in a sewer.
             The game lasted 00:09:22 (3106 turns).

Descartes the Magician (Deep Elf Wanderer)          Turns: 3106, Time: 00:09:24

Health: -1/29      AC:  4    Str:  9    XL:     5   Next: 54%
Magic:  7/15       EV: 10    Int: 20    God:
Gold:   201        SH:  4    Dex: 13    Spells: 12/16 levels left

rFire   . . .        r - staff of conjuration
rCold   . . .        k - +0 buckler
rNeg    . . .        c - +0 robe
rPois   .            (no helmet)
rElec   .            d - +0 cloak
rCorr   +            (no gloves)
SInv    .            j - +0 pair of boots
Will    .....        (no amulet)
Stlth   ++           s - ring of resist corrosion
HPRegen 0.24/turn    (no ring)
MPRegen 0.14/turn

%: no passive effects
@: no status effects
A: no striking features
a: no special abilities


You were in a sewer.
You visited 1 branch of the dungeon, and saw 4 of its levels.
You also visited: Sewer.

You collected 201 gold pieces.

Inventory:

Hand Weapons
 v - a +4 short sword of venom
Missiles
 l - 4 curare-tipped darts
Armour
 c - a +0 robe (worn)
 d - a +0 cloak (worn)
 j - a +0 pair of boots (worn)
 k - a +0 buckler (worn)
Magical Staves
 r - a staff of conjuration (weapon)
Jewellery
 a - an amulet of magic regeneration
 s - a ring of resist corrosion (left hand)
Scrolls
 b - a scroll of silence
 e - 2 scrolls of blinking
 g - a scroll of teleportation {unknown}
 h - a scroll of butterflies {unknown}
 i - a scroll of torment {unknown}
 n - 2 scrolls of enchant armour
 p - 2 scrolls of enchant weapon
 w - a scroll of revelation
Potions
 f - a potion of lignification {unknown}
 m - a potion of ambrosia {unknown}
 o - 4 potions of brilliance {unknown}
 q - 2 potions of resistance {unknown}
 t - a potion of heal wounds {unknown}
 u - a potion of attraction {unknown}
 x - a potion of curing {unknown}
 z - a potion of mutation {unknown}


   Skills:
 - Level 1.0 Fighting
 - Level 1.2 Stealth
 * Level 2.3 Shields
 + Level 6.4 Spellcasting
 + Level 2.8 Conjurations
 - Level 4.8 Necromancy
 + Level 2.8 Fire Magic


You had 12 spell levels left.
You knew the following spells:

 Your Spells              Type           Power      Damage    Failure   Level
a - Foxfire               Conj/Fire      100%       2x1d9     4%          1
b - Magic Dart            Conj           100%       1d8       4%          1
c - Searing Ray           Conj           54%        2d6       7%          2

Your spell library contained the following spells:

 Spells                   Type           Power      Damage    Failure   Level
 Necrotise                Necr           100%       1d9       1%          1
 Kiss of Death            Conj/Necr      100%       2d13      3%          1
 Cigotuvi's Dreadful Rot  Necr/Pois/Air  24%        N/A       12%         2
 Inner Flame              Hex/Fire       12%        N/A       26%         3
 Fulminant Prism          Conj/Hex       9%         3d7       63%         4


Dungeon Overview and Level Annotations

Branches:
Dungeon (4/15)              Sewer (1/1)
 Temple: D:4-7

Altars:

Shops:
D:3 *(:

Annotations:
D:3 3 runed translucent doors, Descartes's ghost, amateur OpEE; Scrael's ghost, weakling DsGl


Message History

The foxfire hits the kobold but does no damage.
You block the kobold brigand's attack.
Casting: Foxfire (safe; 5% risk of failure)
Confirm with . or Enter, or press ? or * to list all spells.
You feel a surge of power!
You conjure some foxfire!
The foxfire hits the kobold brigand but does no damage.
The kobold brigand barely misses you.
Unknown command.
Casting: Foxfire (safe; 5% risk of failure)
Confirm with . or Enter, or press ? or * to list all spells.
You feel a surge of power!
You conjure some foxfire!
The foxfire hits the kobold brigand.
The kobold brigand is moderately wounded.
The foxfire hits the kobold brigand but does no damage.
The kobold brigand is moderately wounded.
The foxfire hits the kobold brigand.
The kobold brigand is heavily wounded.
The kobold brigand closely misses you.
The foxfire hits the kobold brigand!
The kobold brigand is severely wounded.
Casting: Foxfire (safe; 5% risk of failure)
Confirm with . or Enter, or press ? or * to list all spells.
You feel a surge of power!
You conjure some foxfire!
The foxfire hits the kobold brigand.
You kill the kobold brigand!
You hear a splash. x2
The kobold brigand hits you with a +0 short sword!
You block the kobold's attack.
Casting: Foxfire (safe; 4% risk of failure)
Confirm with . or Enter, or press ? or * to list all spells.
You feel a surge of power!
You conjure some foxfire!
You are engulfed in a cloud of scalding steam.
* * * LOW HITPOINT WARNING * * *
The foxfire hits the kobold.
You kill the kobold!
The foxfire hits the kobold brigand but does no damage.
The kobold throws a stone.
The stone hits you.
* * * LOW HITPOINT WARNING * * *
The kobold brigand is engulfed in a cloud of scalding steam.
The kobold brigand hits you with a +0 short sword.
You die...

######
#....#
#?∩..#
#..!.# #..KK
##K§##
#§)@.###
#§v§v..#
#~.~...##
#.......#
#P......#
#~......#
#P~P....##
#~~~.....#
~~~~~....P##


You could see a kobold brigand (ally target) and 2 kobolds.

Vanquished Creatures
  A kobold brigand (Sewer)
  A jelly (D:3)
  3 adders
  2 worms (D:2)
  12 dart slugs
  5 ball pythons
  4 bats
  2 endoplasms
  3 giant cockroaches (D:2)
  2 goblins
  4 hobgoblins
  4 quokkas
  2 frilled lizards
  10 kobolds
  5 rats
60 creatures vanquished.

Vanquished Creatures (collateral kills)
  A foxfire (Sewer)
1 creature vanquished.

Vanquished Creatures (others)
  205 foxfires
205 creatures vanquished.

Grand Total: 266 creatures vanquished

Notes
Turn   | Place    | Note
-------+----------+-------------------------------------------
     0 | D:1      | Descartes the Deep Elf Wanderer began the quest for the
                  | Orb.
     0 | D:1      | Descartes set off with the following items: a +0 dagger, a
                  | scroll of silence, a +0 robe, a +0 cloak; and the following
                  | spells available to memorise: Necrotise, Kiss of Death,
                  | Cigotuvi's Dreadful Rot, Foxfire, Inner Flame.
     0 | D:1      | Reached XP level 1. HP: 12/12 MP: 9/9
     2 | D:1      | Learned a level 1 spell: Foxfire
    30 | D:1      | Found a faded altar of an unknown god.
   347 | D:1      | Reached skill level 1 in Conjurations
   347 | D:1      | Reached skill level 1 in Fire Magic
   385 | D:1      | Reached XP level 2. HP: 16/16 MP: 8/10
   980 | D:2      | Reached XP level 3. HP: 20/20 MP: 8/12
  1058 | D:2      | Learned a level 1 spell: Magic Dart
  1061 | D:2      | Learned a level 2 spell: Searing Ray
  1577 | D:2      | Reached skill level 1 in Shields
  2151 | D:3      | Found a runed translucent gate.
  2152 | D:3      | Found a runed translucent gate.
  2153 | D:3      | Found a runed translucent gate.
  2154 | D:3      | Noticed Scrael's ghost (weakling DsGl)
  2155 | D:3      | Noticed Descartes's ghost (amateur OpEE)
  2223 | D:3      | Found Yhiteomo's Assorted Antiques.
  2236 | D:3      | Reached skill level 6 in Spellcasting
  2316 | D:3      | Reached XP level 4. HP: 25/25 MP: 10/14
  2346 | D:3      | Found Goklakk's Book Boutique.
  2462 | D:3      | Found Uganab's Antique Weapon Boutique.
  2858 | D:4      | Found a glowing drain.
  2862 | Sewer    | Entered a sewer
  2954 | Sewer    | Reached XP level 5. HP: 29/29 MP: 11/15
  3106 | Sewer    | Slain by a kobold brigand

Illustrated notes

Levels and vault maps discovered:
D:1:      ldierk_walled_garden_2, layout_loops_ring,
          hellmonk_ecumenical_altar_crossroads
D:2:      layout_loops_corners, minmay_pentomino_x4
D:3:      layout_loops_ring, serial_shops, nicolae_shop_rolling_square, shop,
          nicolae_square_shop, gammafunk_ghost_cemetery
D:4:      kennysheep_slugbush, layout_loops_corners, gup_sewer_entry_bowl,
          uniq_blork_the_orc
Sewer:    kennysheep_pipe_town

Skill      XL: |  1  2  3  4  5 |
---------------+----------------+-----
Conjurations   | 1 2 |  2.8
Fire Magic     | 1 2 |  2.8
Shields        | 1 2 |  2.3
Spellcasting   | 6 |  6.4
Fighting       | |  1.0
Stealth        | |  1.2
Necromancy     | |  4.8

Action                     |  1- 3 |  4- 6 || total
---------------------------+-------+-------++-------
  Melee: Dagger            |     6 |       ||     6
   Cast: Foxfire           |    78 |    46 ||   124
    Use: Scroll            |       |     4 ||     4
 Armour: Robe              |    21 |    12 ||    33
  Dodge: Dodged            |    21 |     5 ||    26
  Block: Buckler           |     1 |     3 ||     4

Table legend: (Time is in decaauts)
 A = Elapsed time spent in this place.
 B = Non-inter-level travel time spent in this place.
 C = Inter-level travel time spent in this place.
 D = Time resting spent in this place.
 E = Time spent auto-exploring this place.
 F = Levels seen in this place.
 G = Mean time per level.
                   A        B        C        D        E       F      G
               +--------+--------+--------+--------+--------+-----+--------+
         Total |   3118 |   3039 |     79 |      4 |   2611 |   5 |  623.6 |
       Dungeon |   2868 |   2789 |     79 |      4 |   2390 |   4 |  717.0 |
         Sewer |    250 |    250 |      0 |      0 |    221 |   1 |  250.0 |
               +--------+--------+--------+--------+--------+-----+--------+

Top non-repeatable levels by time:
     D:2: 1122 daAuts
     D:1: 858 daAuts
     D:3: 817 daAuts
   Sewer: 250 daAuts
     D:4: 69 daAuts
